 Dungeon Crawl Stone Soup version 0.27-a0-1358-ga0a28fc8c3 (webtiles) character file.

Game seed: 4419050130112965716

461 Delamore the Covert (level 7, -1/53 HPs)
             Began as an Octopode Brigand on June 28, 2021.
             Slain by Duvessa (11 damage)
             ... on level 4 of the Dungeon.
             The game lasted 00:04:34 (3509 turns).

Delamore the Covert (Octopode Brigand)              Turns: 3509, Time: 00:04:34

Health: -1/53      AC:  1    Str: 11    XL:     7   Next: 7%
Magic:  7/7        EV: 12    Int: 13    God:
Gold:   984        SH:  0    Dex: 15    Spells: 6/6 levels left

rFire    . . .     SeeInvis .   g - +0 short sword (venom)
rCold    . . .     Faith    .   (no shield)
rNeg     . . .     Spirit   .   (helmet restricted)
rPois    .         Reflect  .   e - amulet of regeneration
rElec    .         Harm     .   (no ring)
rCorr    .         Rampage  .   (no ring)
Will     +....                  (no ring)
Stlth    ++........             (no ring)
HPRegen  1.17/turn              (no ring)
MPRegen  0.10/turn              (no ring)
                                (no ring)
                                (no ring)

@: lit by a corona, glowing
A: almost no armour, amphibious, 8 rings, camouflage 1, gelatinous body 1,
(nimble swimmer 1), tentacles, strong-willed 1, robust 1
a: no special abilities


You were on level 4 of the Dungeon.
You visited 2 branches of the dungeon, and saw 5 of its levels.

You collected 1306 gold pieces.
You spent 322 gold pieces at shops.

Inventory:

Hand Weapons
 a - a +2 dagger
 g - a +0 short sword of venom (weapon)
Missiles
 b - 20 poisoned darts (quivered)
 p - 4 boomerangs
Armour
 f - a +0 buckler
Jewellery
 e - an amulet of regeneration (around mantle)
Scrolls
 i - a scroll of noise
 m - 3 scrolls of teleportation
 o - a scroll of torment
 q - a scroll of enchant armour {unknown}
 r - a scroll of blinking
 s - 2 scrolls of fear
 t - a scroll of vulnerability {unknown}
Potions
 d - a potion of cancellation
 h - 2 potions of haste
 j - a potion of flight
 k - 3 potions of curing
 l - a potion of mutation
 n - 2 potions of lignification


   Skills:
 + Level 4.5 Fighting
 + Level 4.4 Short Blades
 - Level 2.0 Throwing
 - Level 1.0 Dodging
 + Level 8.0 Stealth


You had 6 spell levels left.
You didn't know any spells.
Your spell library was empty.

Dungeon Overview and Level Annotations

Branches:
Dungeon (4/15)             Temple (1/1) D:4

Altars:
Cheibriados
Dithmenos
Elyvilon
Fedhas
Hepliaklqana
Kikubaaqudgha
Makhleb
Okawaru
Qazlal
Sif Muna
Trog
Vehumet
Wu Jian
Xom
Yredelemnul
The Shining One

Shops:
D:3 *   D:4 ?

Annotations:
D:4 Blork the orc, Duvessa


Innate Abilities, Weirdness & Mutations

You cannot wear most types of armour.
You are amphibious.
You can wear up to eight rings at the same time.
Your skin changes colour to match your surroundings (Stealth+).
Your rubbery body absorbs attacks. (AC +1, EV +1)
((You are camouflaged near water. (Stealth+)))
You have tentacles for arms and can constrict up to eight enemies at once.
You are strong-willed. (Will+)
You are robust. (+10% HP)


Message History

Dowan is poisoned.
Dowan convulses.
Dowan seems to slow down.
Dowan is moderately wounded.
Duvessa shouts!
You hit Dowan.
Dowan looks as sick as possible!
Your grab misses Dowan.
Dowan is severely wounded.
Dowan casts a spell at you. The puff of frost misses you.
You hit Duvessa but do no damage.
Duvessa is poisoned.
Your grab misses Duvessa. Duvessa hits you with a +0 short sword!
You hit Duvessa. Your grab misses Duvessa.
Duvessa is lightly wounded.
Dowan points at you and mumbles some strange words.
You are outlined in light.
You closely miss Duvessa. You grab Duvessa.
Duvessa is lightly wounded.
You constrict Duvessa, but do no damage.
Duvessa hits you with a +0 short sword. Dowan casts a spell at you.
The puff of frost misses you.
You hit Duvessa but do no damage.
Duvessa looks as sick as possible!
You squeeze Duvessa, but do no damage.
Duvessa is lightly wounded.
You constrict Duvessa, but do no damage.
Duvessa drinks a potion.
Duvessa is healed!
Duvessa looks more healthy.
You hit Duvessa but do no damage.
You constrict Duvessa, but do no damage.
You kill Dowan!
Duvessa screams, "No!
How DARE you!"
Duvessa goes berserk!
Duvessa hits you with a +0 short sword.
Your Stealth skill increases to level 8!
You have reached level 7!
You hit Duvessa but do no damage. You constrict Duvessa.
Duvessa hits you with a +0 short sword!
You completely miss Duvessa. You squeeze Duvessa, but do no damage.
Duvessa is lightly wounded.
You constrict Duvessa. Duvessa hits you with a +0 short sword!
* * * LOW HITPOINT WARNING * * *
Duvessa hits you with a +0 short sword!
You die...

.....##.####......#....†.8.>.8.#
...............................##
...........##..........###.8.#..#
..........###..........#####....#
.........## #.#......#.........##
.........# #..#.............##..#
.........##)..##...............<.
.............###....#.......##..#
.##............@)..##...... #.##
#...........e...........# ###
.............#...#
.....).(....... ......(.......##
.............## ........#...##
.#......#...#


You could see Duvessa (berserk).

Vanquished Creatures
  Dowan (D:4)
  2 orc priests (D:3)
  A centaur skeleton (D:4)
  3 orc wizards (D:3)
  Natasha (twice) (D:2)
  A hound skeleton (D:4)
  Robin (D:2)
  4 adders
  An adder skeleton (D:4)
  2 worms
  A dart slug (D:3)
  13 orcs
  5 ball pythons
  9 endoplasms
  2 giant cockroaches (D:2)
  16 goblins
  11 hobgoblins
  13 jackals
  4 kobolds
  3 quokkas
  9 bats
  6 frilled lizards
  5 rats
115 creatures vanquished.

Vanquished Creatures (others)
  5 plants (D:2)
5 creatures vanquished.

Grand Total: 120 creatures vanquished

Notes
Turn   | Place    | Note
-------+----------+-------------------------------------------
     0 | D:1      | Delamore the Octopode Brigand began the quest for the Orb.
     0 | D:1      | Reached XP level 1. HP: 14/14 MP: 1/1
   158 | D:1      | Reached XP level 2. HP: 18/19 MP: 2/2
   729 | D:1      | Reached XP level 3. HP: 25/25 MP: 3/3
  1052 | D:1      | Identified a scroll of acquirement
  1052 | D:1      | Acquired 1154 gold pieces
  1072 | D:2      | Reached skill level 6 in Stealth
  1283 | D:2      | Noticed Natasha
  1293 | D:2      | Killed Natasha
  1294 | D:2      | Reached XP level 4. HP: 25/30 MP: 4/4
  1533 | D:2      | Noticed Robin
  1641 | D:2      | Killed Robin
  1731 | D:2      | Reached XP level 5. HP: 36/36 MP: 5/5
  2159 | D:2      | Noticed Natasha
  2165 | D:2      | Killed Natasha
  2262 | D:3      | Found Raenue Fara's General Store.
  2271 | D:3      | Bought a scroll of identify for 26 gold pieces
  2271 | D:3      | Bought a scroll of identify for 26 gold pieces
  2273 | D:3      | Gained mutation: You are robust. (+10% HP) [potion of
                  | mutation]
  2273 | D:3      | Gained mutation: You are strong-willed. (Will+) [potion of
                  | mutation]
  2407 | D:3      | Reached skill level 7 in Stealth
  2739 | D:3      | Reached XP level 6. HP: 47/47 MP: 6/6
  3014 | D:4      | Noticed Dowan
  3015 | D:4      | Noticed Duvessa
  3018 | D:4      | Noticed Blork the orc
  3253 | D:4      | Found a staircase to the Ecumenical Temple.
  3261 | Temple   | Entered the Ecumenical Temple
  3380 | D:4      | Found Keohumu's Magic Scroll Emporium.
  3390 | D:4      | Bought a scroll of blinking for 90 gold pieces
  3390 | D:4      | Bought a scroll of fear for 42 gold pieces
  3390 | D:4      | Bought a scroll of fear for 42 gold pieces
  3390 | D:4      | Bought a scroll of identify for 24 gold pieces
  3390 | D:4      | Bought a scroll of identify for 24 gold pieces
  3390 | D:4      | Bought a scroll of identify for 24 gold pieces
  3390 | D:4      | Bought a scroll of identify for 24 gold pieces
  3507 | D:4      | Killed Dowan
  3508 | D:4      | Reached skill level 8 in Stealth
  3508 | D:4      | Reached XP level 7. HP: 37/53 MP: 7/7
  3509 | D:4      | Slain by Duvessa

Illustrated notes

Levels and vault maps discovered:
D:1:      psy_arrival_basics, layout_loops_cross, st_stairs_7
D:2:      layout_basic, serial_bayou_lagoon_b, uniq_robin, uniq_natasha
D:3:      layout_loops_ring, serial_shops, shop, minmay_misc_feat_tower
D:4:      layout_cave_pools, lemuel_crystal_altar,
          minmay_temple_entry_statues_pillars, serial_shops,
          nicolae_shop_temple_entry_statues_fountains, kennysheep_small_spiral,
          uniq_duvessa, uniq_blork_the_orc
Temple:   kb_temple_of_zot

Skill      XL: |  1  2  3  4  5  6 |
---------------+-------------------+-----
Stealth        | 6 7 8 |  8.0
Fighting       | 3 4 |  4.5
Short Blades   | 3 4 |  4.4
Throwing       | |  2.0
Dodging        | |  1.0

Action                   |  1- 3 |  4- 6 |  7- 9 || total
-------------------------+-------+-------+-------++-------
Melee: Dagger            |    53 |    12 |       ||    65
       Constrict         |    10 |    45 |       ||    55
       Tentacles         |    10 |    40 |     1 ||    51
       Short sword       |       |   168 |     2 ||   170
Throw: Dart              |       |     2 |       ||     2
  Use: Scroll            |     4 |     7 |       ||    11
       Potion            |       |     1 |       ||     1
 Stab: Sleeping          |     9 |    23 |       ||    32
Armor: Skin              |     4 |    12 |       ||    16
Dodge: Dodged            |    19 |   103 |       ||   122

Table legend: (Time is in decaauts)
 A = Elapsed time spent in this place.
 B = Non-inter-level travel time spent in this place.
 C = Inter-level travel time spent in this place.
 D = Time resting spent in this place.
 E = Time spent auto-exploring this place.
 F = Levels seen in this place.
 G = Mean time per level.
                   A        B        C        D        E       F      G
               +--------+--------+--------+--------+--------+-----+--------+
         Total |   3492 |   3278 |    214 |    336 |   2286 |   5 |  698.4 |
       Dungeon |   3386 |   3187 |    199 |    336 |   2196 |   4 |  846.5 |
        Temple |    106 |     91 |     15 |      0 |     90 |   1 |  106.0 |
               +--------+--------+--------+--------+--------+-----+--------+

Top non-repeatable levels by time:
     D:2: 1118 daAuts
     D:1: 1058 daAuts
     D:3: 974 daAuts
     D:4: 235 daAuts
  Temple: 106 daAuts
